 Dungeon Crawl Stone Soup version 0.31-a0-177-g4aa6249778 (webtiles) character file.

Game seed: 9113350539092010004

163 qw the Shooter (level 5, 0/49 HPs)
             Began as a Naga Hunter on June 17, 2023.
             Slain by a gnoll
             ... wielding a +4 whip
             ... led by a gnoll bouda
              (8 damage)
             ... on level 4 of the Dungeon.
             The game lasted 00:00:48 (2100 turns).

qw the Shooter (Naga Hunter)                        Turns: 2100, Time: 00:00:49

Health: 0/49       AC:  4    Str: 16    XL:     5   Next: 44%
Magic:  5/5        EV: 10    Int:  9    God:
Gold:   183        SH:  0    Dex: 19    Spells: 4/4 levels left

rFire   . . .        Y - +0 shortbow
rCold   + . .        (shield currently unavailable)
rNeg    . . .        c - +0 leather armour
rPois   +            a - +0 helmet "Xyipheaf" {rC+ Str+2 Dex+3 SInv}
rElec   .            (no cloak)
rCorr   .            (no gloves)
SInv    +            (no barding)
Will    .....        (no amulet)
Stlth   ++           (no ring)
HPRegen 0.28/turn    (no ring)
MPRegen 0.09/turn

%: no passive effects
@: about to teleport, short of breath, weakened, very slow
A: AC +1, large, see invisible, deformed body, poison resistance, slowness 2,
spit poison 1, naga tail 1
a: Spit Poison


You were on level 4 of the Dungeon.
You visited 1 branch of the dungeon, and saw 4 of its levels.

You collected 183 gold pieces.


Innate Abilities, Weirdness & Mutations

Your serpentine skin is tough. (AC +1)
You have supernaturally acute eyesight. (SInv)
Armour fits poorly on your strangely shaped body.
Your system is resistant to poisons. (rPois)
You cover ground very slowly.
You can spit poison.
You have a snake-like lower body.


   Skills:
 - Level 3.4 Fighting
 + Level 5.3 Ranged Weapons
 - Level 1.5 Dodging
 - Level 1.5 Stealth


You had 4 spell levels left.
You didn't know any spells.
Your spell library was empty.

Inventory:

Hand Weapons
 Y - a +0 shortbow (weapon)
Armour
 a - the +0 helmet "Xyipheaf" (worn) {rC+ Str+2 Dex+3 SInv}
   (You acquired it on level 1 of the Dungeon)

   Str:       It affects your strength (+2).
   Dex:       It affects your dexterity (+3).
   rC:        It protects you from cold.
   SInv:      It lets you see invisible.
 c - a +0 leather armour (worn)
Scrolls
 d - a scroll of enchant armour
 e - 3 scrolls of teleportation
Potions
 b - a potion of enlightenment {unknown}
 f - a potion of brilliance {unknown}
 g - a potion of haste
 h - a potion of ambrosia {unknown}
 i - a potion of degeneration {unknown}
 j - a potion of curing {unknown}

Dungeon Overview and Level Annotations

Branches:
Dungeon (4/15)
 Temple: D:4-7

Altars:
Qazlal
Vehumet
Xom


Message History

A gnoll comes into view. It is wielding a +0 spear.
The gnoll hits you but does no damage.
2096 ||| INVOKING Spit Poison.
Aiming: Spit Poison (1% risk of failure)
Press: ? - help, Shift-Dir - straight line, f/p - gnoll bouda The splash of poison hits the gnoll bouda.
The gnoll bouda is severely wounded.
Your attacks no longer feel as feeble.
The gnoll bouda closely misses you. The gnoll closely misses you.
You shoot an arrow. The arrow hits the gnoll bouda.
The gnoll bouda is almost dead.
The gnoll closely misses you.
The gnoll bouda prays to its god.
The gnoll bouda is healed somewhat.
The gnoll barely misses you. The gnoll hits you with a +0 whip!
The gnoll barely misses you. The gnoll closely misses you.
The gnoll bouda hits you with a +0 club!
You shoot an arrow.
The arrow hits the gnoll bouda but does no damage.
The gnoll bouda is severely wounded.
You have got your breath back.
The gnoll hits you from afar with a +0 spear.
The gnoll barely misses you. The gnoll closely misses you.
The gnoll hits you from afar with a +0 spear.
The gnoll bouda gazes fiercely through you!
You feel your attacks grow feeble. The gnoll bouda barely misses you.
2099 ||| INVOKING Spit Poison.
Aiming: Spit Poison (1% risk of failure)
Press: ? - help, Shift-Dir - straight line, f/p - gnoll bouda The splash of poison hits the gnoll bouda.
You kill the gnoll bouda!
The gnoll hits you from afar with a +0 spear!
The gnoll hits you with a +0 flail. The gnoll hits you with a +0 whip.
The gnoll hits you from afar with a +0 spear.
2100 ||| READING 4 scrolls of teleportation.
As you read the scroll of teleportation, it crumbles to dust.
You feel strangely unstable. The gnoll hits you with a +4 whip!
You die...

[ #.....#
...##.....#
..........#
.......<..#####
...##..)...<..#
......>.....#
######.####..#
#.# #..# ..#
#@g# #.## #gg#
.gggg.gg....[..
#g..####...#####
#...# ....#
#...# ..#.#
.##.#


You could see 5 gnolls.

Vanquished Creatures
  A gnoll bouda (D:4)
  An iguana (D:3)
  3 adders
  A worm (D:2)
  A dart slug (D:2)
  An orc (D:3)
  4 bats
  12 endoplasms
  3 giant cockroaches
  10 goblins
  9 hobgoblins
  7 kobolds
  3 quokkas (D:1)
  8 ball pythons
  3 frilled lizards
  2 rats
69 creatures vanquished.

Notes
Turn   | Place    | Note
-------+----------+-------------------------------------------
     0 | D:1      | qw the Naga Hunter began the quest for the Orb.
     0 | D:1      | Reached XP level 1. HP: 19/19 MP: 1/1
     0 | D:1      | 0 ||| qw: Version: 0.3-a-5-g6f28e65
     0 | D:1      | 0 ||| qw: Game counter: 498
     0 | D:1      | 0 ||| qw: Always use a shield: true
     0 | D:1      | 0 ||| qw: God list: Okawaru
     0 | D:1      | 0 ||| qw: Allow faded altars: false
     0 | D:1      | 0 ||| qw: Do Orc after D:15 true
     0 | D:1      | 0 ||| qw: Do second Lair branch before Depths: true
     0 | D:1      | 0 ||| qw: Lair rune preference: random
     0 | D:1      | 0 ||| qw: Plans: Normal
     0 | D:1      | 0 ||| PLANNING D:1-11
     7 | D:1      | 7 ||| INVOKING Spit Poison.
    10 | D:1      | 10 ||| INVOKING Spit Poison.
    23 | D:1      | 23 ||| INVOKING Spit Poison.
    39 | D:1      | 39 ||| INVOKING Spit Poison.
    73 | D:1      | Reached skill level 4 in Ranged Weapons
    73 | D:1      | Reached XP level 2. HP: 26/26 MP: 2/2
    83 | D:1      | 83 ||| INVOKING Spit Poison.
    86 | D:1      | 86 ||| INVOKING Spit Poison.
   168 | D:1      | 168 ||| INVOKING Spit Poison.
   198 | D:1      | 198 ||| INVOKING Spit Poison.
   242 | D:1      | 242 ||| INVOKING Spit Poison.
   246 | D:1      | 246 ||| INVOKING Spit Poison.
   282 | D:1      | 282 ||| INVOKING Spit Poison.
   328 | D:1      | 328 ||| INVOKING Spit Poison.
   353 | D:1      | 353 ||| INVOKING Spit Poison.
   373 | D:1      | 373 ||| INVOKING Spit Poison.
   376 | D:1      | 376 ||| INVOKING Spit Poison.
   380 | D:1      | 380 ||| INVOKING Spit Poison.
   381 | D:1      | 381 ||| INVOKING Spit Poison.
   382 | D:1      | Reached XP level 3. HP: 31/32 MP: 3/3
   522 | D:1      | 522 ||| INVOKING Spit Poison.
   549 | D:1      | 549 ||| INVOKING Spit Poison.
   613 | D:1      | 613 ||| READING scroll labelled CAAXTUNUFIE.
   614 | D:1      | 614 ||| READING 2 scrolls labelled FAZUESS OMIATOLI.
   617 | D:1      | 617 ||| READING scroll labelled VASUJIT POKU.
   617 | D:1      | Identified a scroll of acquirement
   617 | D:1      | 617 ||| ACQUIRING +0 helmet "Xyipheaf" {rC+ Str+2 Dex+3
                  | SInv}
   617 | D:1      | Acquired the +0 helmet "Xyipheaf" {rC+ Str+2 Dex+3 SInv}
   619 | D:1      | 619 ||| UPGRADING to +0 helmet "Xyipheaf" {rC+ Str+2 Dex+3
                  | SInv}.
   624 | D:1      | 624 ||| READING scroll labelled IRAUSS TUMANI.
   625 | D:1      | 625 ||| READING scroll labelled RIUTZI YCVUMM.
   626 | D:1      | 626 ||| READING scroll labelled PIBBIGRU FEAPP.
   627 | D:1      | 627 ||| READING scroll labelled OSMASTR AMYPP.
   628 | D:1      | 628 ||| DROPPING scroll of butterflies.
   689 | D:2      | 689 ||| INVOKING Spit Poison.
   723 | D:2      | 723 ||| INVOKING Spit Poison.
   728 | D:2      | 728 ||| INVOKING Spit Poison.
   752 | D:2      | 752 ||| INVOKING Spit Poison.
   791 | D:2      | 791 ||| INVOKING Spit Poison.
   794 | D:2      | 794 ||| INVOKING Spit Poison.
   809 | D:2      | 809 ||| INVOKING Spit Poison.
   828 | D:2      | 828 ||| INVOKING Spit Poison.
   832 | D:2      | 832 ||| INVOKING Spit Poison.
   869 | D:2      | 869 ||| INVOKING Spit Poison.
   872 | D:2      | 872 ||| INVOKING Spit Poison.
  1001 | D:2      | 1001 ||| INVOKING Spit Poison.
  1057 | D:2      | 1057 ||| INVOKING Spit Poison.
  1061 | D:2      | 1061 ||| INVOKING Spit Poison.
  1062 | D:2      | Reached skill level 5 in Ranged Weapons
  1062 | D:2      | Reached XP level 4. HP: 38/39 MP: 4/4
  1114 | D:2      | 1114 ||| INVOKING Spit Poison.
  1127 | D:2      | 1127 ||| INVOKING Spit Poison.
  1297 | D:3      | Found a shimmering altar of Xom.
  1350 | D:3      | 1350 ||| INVOKING Spit Poison.
  1365 | D:3      | 1365 ||| INVOKING Spit Poison.
  1366 | D:3      | Found a stormy altar of Qazlal.
  1388 | D:3      | 1388 ||| INVOKING Spit Poison.
  1445 | D:3      | 1445 ||| INVOKING Spit Poison.
  1448 | D:3      | 1448 ||| INVOKING Spit Poison.
  1456 | D:3      | 1456 ||| INVOKING Spit Poison.
  1487 | D:3      | 1487 ||| INVOKING Spit Poison.
  1503 | D:3      | 1503 ||| INVOKING Spit Poison.
  1525 | D:3      | 1525 ||| INVOKING Spit Poison.
  1532 | D:3      | 1532 ||| INVOKING Spit Poison.
  1536 | D:3      | 1536 ||| INVOKING Spit Poison.
  1537 | D:3      | Reached skill level 3 in Fighting
  1537 | D:3      | Reached XP level 5. HP: 18/49 MP: 5/5
  1778 | D:3      | 1778 ||| INVOKING Spit Poison.
  1834 | D:3      | Found a radiant altar of Vehumet.
  1835 | D:3      | 1835 ||| INVOKING Spit Poison.
  1854 | D:3      | Found a faded altar of an unknown god.
  1855 | D:3      | 1855 ||| INVOKING Spit Poison.
  1986 | D:3      | 1986 ||| INVOKING Spit Poison.
  2076 | D:4      | 2076 ||| INVOKING Spit Poison.
  2091 | D:4      | 2091 ||| Stepping ~*~*~tactically~*~*~ (outnumbered).
  2093 | D:4      | 2093 ||| INVOKING Spit Poison.
  2096 | D:4      | 2096 ||| INVOKING Spit Poison.
  2099 | D:4      | 2099 ||| INVOKING Spit Poison.
  2099 | D:4      | HP: 10/49 [gnoll/+0 whip[a gnoll bouda] (3)]
  2100 | D:4      | 2100 ||| READING 4 scrolls of teleportation.
  2100 | D:4      | Slain by a gnoll

Levels and vault maps discovered:
D:1:      psy_arrival_whirlpool, layout_loops_cross
D:2:      layout_basic, chequers_serial_rivers_micro_d, minivault_26
D:3:      layout_basic, mainiacjoe_overflow_catch_the_wave, lemuel_round_altar,
          shapermc_ecumenical_altar_pompeii, minmay_misc_feat_hallway,
          wander_ebering_terrifying_dragon_lair
D:4:      cheibrodos_old_hovel, layout_loops_ring, ebering_ghost_sewer_d

Skill      XL: |  1  2  3  4 |
---------------+-------------+-----
Ranged Weapons | 4 5 |  5.3
Fighting       | 3 |  3.4
Dodging        | |  1.5
Stealth        | |  1.5

Action                     |  1- 3 |  4- 6 || total
---------------------------+-------+-------++-------
   Fire: Shortbow          |    70 |    43 ||   113
Ability: Spit Poison       |    32 |    21 ||    53
    Use: Scroll            |     7 |     1 ||     8
 Armour: Leather armour    |     4 |     3 ||     7
  Dodge: Dodged            |    18 |    13 ||    31

Table legend:
 A = Non-vault XP
 B = Vault XP
 C = Vault XP percentage of total XP
 D = Non-vault monster count
 E = Vault monster count
 F = Vault count percentage of total count
                 A         B        C        D         E       F
            +---------+---------+-------+---------+---------+-------
      Total |     232 |       1 |   0.4 |      68 |       1 |   1.4
            +---------+---------+-------+---------+---------+-------
        D:1 |      42 |       0 |   0.0 |      25 |       0 |   0.0
        D:2 |      52 |       0 |   0.0 |      21 |       0 |   0.0
        D:3 |      94 |       1 |   1.1 |      19 |       1 |   5.0
        D:4 |      44 |       0 |   0.0 |       3 |       0 |   0.0
            +---------+---------+-------+---------+---------+-------
